SL
BIRMINGHAM BARONS @ MISSISSIPPI BRAVES
04/15/2099
 
TOP OF THE 1ST
Birmingham Barons batting - Pitching for Mississippi Braves : RHP Hector Cervantes
Pitching: RHP Hector Cervantes
Batting: SHB Milt Gomez 0-0: Called Strike
0-1: Foul Ball, location: 3DF
0-2: Strikes out looking
Batting: LHB Billy Stanley 0-0: Called Strike
0-1: Ball
1-1: Ball
2-1: Called Strike
2-2: Strikes out looking
Batting: RHB Justin McWilliams 0-0: SINGLE (Line Drive, 5D, EV 95.0 MPH)
Batting: RHB Antonio Herrera 0-0: Called Strike
0-1: Ball
1-1: Foul Ball, location: 25FF
1-2: Foul Ball, location: 2F
1-2: Ball
2-2: SINGLE (Groundball, 6MD, EV 104.4 MPH)
Justin McWilliams to second
Batting: RHB Jose Delgado 0-0: Ball
1-0: Ball
2-0: Ball
3-0: Base on Balls
Justin McWilliams to third
Antonio Herrera to second
Batting: RHB Joel Bailey 0-0: Foul Ball, location: 5FF
0-1: Foul Ball, location: 3FF
0-2: Foul Ball, location: 2F
0-2: Foul Ball, location: 2RF
0-2: Ball
1-2: Fly out, F8 (Line Drive, 8LM, EV 89.4 MPH)
Top of the 1st over - 0 runs, 2 hits, 0 errors, 3 left on base; Birmingham 0 - Mississippi 0
BOTTOM OF THE 1ST
Mississippi Braves batting - Pitching for Birmingham Barons : RHP Victor Peden
Pitching: RHP Victor Peden
Batting: LHB Mauricio Medina 0-0: Called Strike
0-1: Called Strike
0-2: Ball
1-2: Ground out U3 (Groundball, 3, EV 110.0 MPH)
Batting: RHB Daniel Roach 0-0: Ball
1-0: Foul Ball, location: 2F
1-1: Foul Ball, location: 9LDF
1-2: Ball
2-2: Foul Ball, location: 23F
2-2: Strikes out swinging
Batting: RHB Rick Gray 0-0: Ball
1-0: Swinging Strike
1-1: Fly out, F8 (Flyball, 78M, EV 88.8 MPH)
Bottom of the 1st over - 0 runs, 0 hits, 0 errors, 0 left on base; Birmingham 0 - Mississippi 0
TOP OF THE 2ND
Birmingham Barons batting - Pitching for Mississippi Braves : RHP Hector Cervantes
Batting: LHB Greg Petersen 0-0: Ball
1-0: Fly out, F7 (Flyball, 7, EV 95.6 MPH)
Batting: RHB Won-ho Nham 0-0: Called Strike
0-1: Ground out 3-1 (Groundball, 34, EV 83.8 MPH)
Batting: RHB Joe Schoeffler 0-0: Called Strike
0-1: Ground out 4-3 (Groundball, 34, EV 88.1 MPH)
Top of the 2nd over - 0 runs, 0 hits, 0 errors, 0 left on base; Birmingham 0 - Mississippi 0
BOTTOM OF THE 2ND
Mississippi Braves batting - Pitching for Birmingham Barons : RHP Victor Peden
Batting: LHB Chris Gill 0-0: Called Strike
0-1: Ball
1-1: Foul Ball, location: 9LDF
1-2: Ball
2-2: Foul Ball, location: 2F
2-2: Ball
3-2: Foul Ball, location: 2LF
3-2: Foul Ball, location: 5F
3-2: Ground out 6-3 (Groundball, 4MD, EV 94.4 MPH)
Batting: LHB Alex Quinones 0-0: Ball
1-0: Ball
2-0: Foul Ball, location: 2F
2-1: Called Strike
2-2: Ball
3-2: Strikes out looking
Batting: RHB Brian Brown 0-0: Foul Ball, location: 2F
0-1: Swinging Strike
0-2: Ball
1-2: Ball
2-2: Foul Ball, location: 9LDF
2-2: Foul Ball, location: 2F
2-2: Strikes out swinging
Bottom of the 2nd over - 0 runs, 0 hits, 0 errors, 0 left on base; Birmingham 0 - Mississippi 0
TOP OF THE 3RD
Birmingham Barons batting - Pitching for Mississippi Braves : RHP Hector Cervantes
Batting: SHB Milt Gomez 0-0: Called Strike
0-1: Called Strike
0-2: Ball
1-2: Foul Ball, location: 5FF
1-2: Foul Ball, location: 7LMF
1-2: Ball
2-2: Ball
3-2: Base on Balls
Batting: LHB Billy Stanley 0-0: Ball
1-0: Foul Ball, location: 7LSF
1-1: Ball
2-1: Fly out, F8 (Flyball, 8RD, EV 96.3 MPH)
Batting: RHB Justin McWilliams 0-0: Called Strike
0-1: Ball
Milt Gomez steals 2nd base
1-1: Ball
2-1: Foul Ball, location: 2F
2-2: Ball
3-2: Foul Ball, location: 9LMF
3-2: Base on Balls
Batting: RHB Antonio Herrera 0-0: Ball
1-0: Ball
2-0: Foul Ball, location: 23F
2-1: Called Strike
2-2: Ball
3-2: Foul Ball, location: 9LDF
3-2: 3-RUN HOME RUN (Flyball, 89XD, EV 100.0 MPH), Distance : 398 ft
Batting: RHB Jose Delgado 0-0: Called Strike
0-1: Fly out, F9 (Flyball, 9, EV 93.1 MPH)
Batting: RHB Joel Bailey 0-0: Swinging Strike
0-1: Ball
1-1: Swinging Strike
1-2: Ball
2-2: Strikes out swinging
Top of the 3rd over - 3 runs, 1 hit, 0 errors, 0 left on base; Birmingham 3 - Mississippi 0
BOTTOM OF THE 3RD
Mississippi Braves batting - Pitching for Birmingham Barons : RHP Victor Peden
Batting: LHB Nestor Quintanilla 0-0: Ball
1-0: Foul Ball, location: 23F
1-1: Called Strike
1-2: Fly out, F7 (Flyball, 78S, EV 73.1 MPH)
Batting: LHB Dave Roop 0-0: Ball
1-0: Foul Ball, location: 7LMFF
1-1: Foul Ball, location: 2F
1-2: Ball
2-2: Foul Ball, location: 23F
2-2: Fly out, F7 (Flyball, 78D, EV 96.3 MPH)
Batting: RHB Jason Campbell 0-0: SINGLE (Line Drive, 8RS, EV 109.4 MPH)
Batting: LHB Mauricio Medina 0-0: Ball
1-0: Ball
2-0: Called Strike
2-1: Ground out 1-3 (Groundball, 13S, EV 66.9 MPH)
Bottom of the 3rd over - 0 runs, 1 hit, 0 errors, 1 left on base; Birmingham 3 - Mississippi 0
TOP OF THE 4TH
Birmingham Barons batting - Pitching for Mississippi Braves : RHP Hector Cervantes
Batting: LHB Greg Petersen 0-0: Ball
1-0: Foul Ball, location: 2F
1-1: Ground out 5-3 (Groundball, 5S, EV 85.6 MPH)
Batting: RHB Won-ho Nham 0-0: Called Strike
0-1: Ball
1-1: Ball
2-1: Foul Ball, location: 7LMF
2-2: Foul Ball, location: 25F
2-2: Strikes out swinging
Batting: RHB Joe Schoeffler 0-0: Fly out, F7 (Line Drive, 7, EV 89.4 MPH)
Top of the 4th over - 0 runs, 0 hits, 0 errors, 0 left on base; Birmingham 3 - Mississippi 0
BOTTOM OF THE 4TH
Mississippi Braves batting - Pitching for Birmingham Barons : RHP Victor Peden
Batting: RHB Daniel Roach 0-0: Foul Ball, location: 3SF
0-1: Called Strike
0-2: Ball
1-2: Ball
2-2: Ball
3-2: Base on Balls
Batting: RHB Rick Gray 0-0: Ball
1-0: Ball
2-0: Foul Ball, location: 25FF
2-1: Ball
3-1: TRIPLE (Flyball, 89XD, EV 110.0 MPH)
Daniel Roach scores
Batting: LHB Chris Gill 0-0: Ball
1-0: 2-RUN HOME RUN (Flyball, 9D, EV 99.4 MPH), Distance : 393 ft
Batting: LHB Alex Quinones 0-0: Ball
1-0: SINGLE (Groundball, 3D, EV 95.6 MPH)
Batting: RHB Brian Brown 0-0: Called Strike
0-1: Ball
1-1: Ball
2-1: Ball
3-1: Called Strike
3-2: SINGLE (Groundball, 34D, EV 108.8 MPH)
Alex Quinones to second
Runner from 2nd tries for 3rd, SAFE, no throw by RF
Batting: LHB Nestor Quintanilla 0-0: Ball
1-0: Ball
2-0: Called Strike
2-1: Swinging Strike
2-2: Strikes out looking
Batting: LHB Dave Roop 0-0: Called Strike
0-1: Called Strike
0-2: SINGLE (Groundball, 6MD, EV 96.9 MPH)
Alex Quinones scores
Brian Brown to second
Batting: RHB Jason Campbell 0-0: Swinging Strike
0-1: Called Strike
0-2: Ball
1-2: Ball
2-2: Strikes out swinging
Batting: LHB Mauricio Medina 0-0: Foul Ball, location: 2F
0-1: Ball
1-1: Ground out 4-3 (Groundball, 4S, EV 83.8 MPH)
Bottom of the 4th over - 4 runs, 5 hits, 0 errors, 2 left on base; Birmingham 3 - Mississippi 4
TOP OF THE 5TH
Birmingham Barons batting - Pitching for Mississippi Braves : RHP Hector Cervantes
Batting: SHB Milt Gomez 0-0: Foul Ball, location: 25F
0-1: Foul Ball, location: 7LSF
0-2: Ground out 6-3 (Groundball, 6M, EV 86.9 MPH)
Batting: LHB Billy Stanley 0-0: Foul Ball, location: 2F
0-1: Foul Ball, location: 2F
0-2: Ball
1-2: Foul Ball, location: 2F
1-2: Ball
2-2: Ball
3-2: Ground out 6-3 (Groundball, 6, EV 70.0 MPH)
Batting: RHB Justin McWilliams 0-0: Ball
1-0: Swinging Strike
1-1: Foul Ball, location: 9LDF
1-2: Foul Ball, location: 9LDF
1-2: Ball
2-2: Ball
3-2: Ground out 4-3 (Groundball, 4, EV 110.0 MPH)
Top of the 5th over - 0 runs, 0 hits, 0 errors, 0 left on base; Birmingham 3 - Mississippi 4
BOTTOM OF THE 5TH
Mississippi Braves batting - Pitching for Birmingham Barons : RHP Victor Peden
Batting: RHB Daniel Roach 0-0: Ball
1-0: Called Strike
1-1: Ball
2-1: Ball
3-1: Reached on error, E5 (Groundball, 56S, EV 85.6 MPH)
Batting: RHB Rick Gray 0-0: Foul Ball, location: 5F
0-1: Called Strike
0-2: Ball
1-2: Foul Ball, location: 2F
1-2: Foul Ball, location: 3F
1-2: Ball
2-2: Ground out 5-3 (Groundball, 56, EV 104.4 MPH)
Batting: LHB Chris Gill 0-0: Intentional Walk
Batting: LHB Alex Quinones 0-0: Called Strike
0-1: Ball
1-1: Ball
2-1: Foul Ball, location: 2F
2-2: Strikes out swinging
Pitching: RHP Mike Mullis
Batting: RHB Brian Brown 0-0: Ball
1-0: Ball
Wild Pitch!
Daniel Roach to third
Chris Gill to second
2-0: Ball
3-0: Called Strike
3-1: Base on Balls
Batting: LHB Nestor Quintanilla 0-0: Called Strike
0-1: Ball
1-1: Ball
2-1: Called Strike
2-2: Strikes out swinging
Bottom of the 5th over - 0 runs, 0 hits, 1 error, 3 left on base; Birmingham 3 - Mississippi 4
TOP OF THE 6TH
Birmingham Barons batting - Pitching for Mississippi Braves : RHP Hector Cervantes
Pinch Hitting: LHB Bill Lanier 0-0: Called Strike
0-1: Ball
1-1: Called Strike
1-2: Strikes out swinging
Batting: RHB Jose Delgado 0-0: Foul Ball, location: 2F
0-1: Ground out 2-3 (Groundball, 2R, EV 70.6 MPH)
Batting: RHB Joel Bailey 0-0: Called Strike
0-1: Ball
1-1: Foul Ball, location: 5DF
1-2: Fly out, F8 (Flyball, 8LM, EV 90.6 MPH)
Top of the 6th over - 0 runs, 0 hits, 0 errors, 0 left on base; Birmingham 3 - Mississippi 4
BOTTOM OF THE 6TH
Mississippi Braves batting - Pitching for Birmingham Barons : RHP Mike Mullis
Now at 1B: Bill Lanier
Batting: LHB Dave Roop 0-0: Fly out, F7 (Line Drive, 7, EV 90.0 MPH)
Batting: RHB Jason Campbell 0-0: Ball
1-0: Foul Ball, location: 2F
1-1: Swinging Strike
1-2: Strikes out swinging
Batting: LHB Mauricio Medina 0-0: Called Strike
0-1: Foul Ball, location: 5F
0-2: Ball
1-2: Foul Ball, location: 2F
1-2: Strikes out swinging
Bottom of the 6th over - 0 runs, 0 hits, 0 errors, 0 left on base; Birmingham 3 - Mississippi 4
TOP OF THE 7TH
Birmingham Barons batting - Pitching for Mississippi Braves : RHP Hector Cervantes
Batting: LHB Greg Petersen 0-0: Called Strike
0-1: Ball
1-1: Ball
2-1: Ball
3-1: Foul Ball, location: 7LDF
3-2: Base on Balls
Pinch Hitting: LHB Arsenio Symonds 0-0: Ball
1-0: Ball
2-0: Ball
3-0: Called Strike
3-1: Base on Balls
Greg Petersen to second
Pitching: RHP Anthony Hall
Pinch Hitting: RHB Will Doty 0-0: Ball
1-0: Called Strike
1-1: Ball
2-1: Ball
3-1: Foul Ball, location: 2F
3-2: Strikes out swinging
Batting: SHB Milt Gomez 0-0: Ball
1-0: Called Strike
1-1: Ball
Wild Pitch!
Greg Petersen to third
Arsenio Symonds to second
2-1: Foul Ball, location: 3F
2-2: Fly out, F7 (Line Drive, 78S, EV 92.5 MPH)
Batting: LHB Billy Stanley 0-0: Called Strike
0-1: Foul Ball, location: 7LDF
0-2: Strikes out swinging
Top of the 7th over - 0 runs, 0 hits, 0 errors, 2 left on base; Birmingham 3 - Mississippi 4
BOTTOM OF THE 7TH
Mississippi Braves batting - Pitching for Birmingham Barons : RHP Mike Mullis
Now at 2B: Jaime Madsen
Now at SS: Will Doty
Batting: RHB Daniel Roach 0-0: Ball
1-0: Ball
2-0: Called Strike
2-1: Ground out 5-3 (Groundball, 5L, EV 81.3 MPH)
Batting: RHB Rick Gray 0-0: Called Strike
0-1: Ball
1-1: Called Strike
1-2: Strikes out looking
Batting: LHB Chris Gill 0-0: Ball
1-0: Called Strike
1-1: Ball
2-1: Ball
3-1: Base on Balls
Batting: LHB Alex Quinones 0-0: Fielders Choice at 2nd, 6-4 (Groundball, 6, EV 98.1 MPH)
Bottom of the 7th over - 0 runs, 0 hits, 0 errors, 1 left on base; Birmingham 3 - Mississippi 4
TOP OF THE 8TH
Birmingham Barons batting - Pitching for Mississippi Braves : RHP Anthony Hall
Pitching: RHP Kevin Carlton
Now at 2B: Jason Campbell
Now at SS: Pablo Castillo
Now in RF: Eric Fox
Batting: RHB Justin McWilliams 0-0: Called Strike
0-1: Foul Ball, location: 2F
0-2: Ball
1-2: Strikes out swinging
Batting: LHB Bill Lanier 0-0: Ball
1-0: Called Strike
1-1: Called Strike
1-2: Strikes out swinging
Batting: RHB Jose Delgado 0-0: Ball
1-0: Fly out, F8 (Flyball, 8LD, EV 104.4 MPH)
Top of the 8th over - 0 runs, 0 hits, 0 errors, 0 left on base; Birmingham 3 - Mississippi 4
BOTTOM OF THE 8TH
Mississippi Braves batting - Pitching for Birmingham Barons : RHP Mike Mullis
Pitching: RHP Josh Ambro
Batting: RHB Brian Brown 0-0: Called Strike
0-1: Ball
1-1: SINGLE (Groundball, 4MD, EV 101.3 MPH)
Batting: LHB Nestor Quintanilla 0-0: Called Strike
0-1: Swinging Strike
0-2: Strikes out swinging
Batting: LHB Dave Roop 0-0: SINGLE (Groundball, 6MD, EV 98.1 MPH)
Brian Brown to second
Batting: RHB Jason Campbell 0-0: Grounds into double play, 6-4-3 (Groundball, 6M, EV 76.9 MPH)
Bottom of the 8th over - 0 runs, 2 hits, 0 errors, 1 left on base; Birmingham 3 - Mississippi 4
TOP OF THE 9TH
Birmingham Barons batting - Pitching for Mississippi Braves : RHP Kevin Carlton
Batting: RHB Joel Bailey 0-0: Called Strike
0-1: Called Strike
0-2: Strikes out looking
Batting: LHB Greg Petersen 0-0: Foul Ball, location: 2F
0-1: Called Strike
0-2: Strikes out swinging
Batting: RHB Jaime Madsen 0-0: Ball
1-0: Ball
2-0: Foul Ball, location: 2LF
2-1: Swinging Strike
2-2: Ball
3-2: Foul Ball, location: 3SF
3-2: Strikes out swinging
Top of the 9th over - 0 runs, 0 hits, 0 errors, 0 left on base; Birmingham 3 - Mississippi 4
Friday, May 3rd , 2024 - OOTP Baseball 24.11 Build 85